 Dungeon Crawl Stone Soup version 0.19.1 (webtiles) character file.

179 M4edhros the Insei (level 5, 0/34 HPs)
             Began as an Octopode Necromancer on Dec 13, 2016.
             Slain by a wight
             ... wielding a +4 battleaxe
              (13 damage)
             ... on level 6 of the Dungeon.
             The game lasted 00:05:22 (901 turns).

M4edhros the Insei (Octopode Necromancer)            Turns: 901, Time: 00:05:22

Health: 0/34       AC:  3    Str:  7    XL:     5   Next: 59%
Magic:  5/8        EV: 13    Int: 17    God:
Gold:   2          SH:  4    Dex: 14    Spells: 3 memorised, 3 levels left

rFire  . . .     SeeInvis .       - Unarmed
rCold  + . .     Gourm    .     (no shield)
rNeg   . . .     Faith    .     l - +0 hat
rPois  .         Spirit   .     (no amulet)
rElec  .         Reflect  .     (no ring)
rCorr  .         Harm     .     (no ring)
MR     .....                    (no ring)
Stlth  +++.......               (no ring)
                                (no ring)
                                (no ring)
                                (no ring)
                                (no ring)

@: very slightly contaminated, invisible
A: almost no armour, stealthy swim, amphibious, 8 rings, constrict 8, iridescent
scales 1, large bone plates 1, camouflage 1, cold resistance 1, deterioration 1,
robust 1, gelatinous body 1
a: no special abilities


You were on level 6 of the Dungeon.
You were very hungry.

You visited 1 branch of the dungeon, and saw 6 of its levels.

You collected 57 gold pieces.
You spent 55 gold pieces at shops.

Inventory:

Armour
 l - a +0 hat (worn)
Scrolls
 c - 3 scrolls of random uselessness {unknown}
 d - 2 scrolls of identify {unknown}
 e - a scroll of magic mapping {unknown}
Books
 a - a book of Necromancy

   Spells                             Type                      Level
   a - Pain                           Necromancy                   1
   b - Animate Skeleton               Necromancy                   1
   c - Vampiric Draining              Necromancy                   3
   d - Regeneration                   Charms/Necromancy            3
   e - Animate Dead                   Necromancy                   4
   f - Control Undead                 Necromancy                   4
 f - a book of Flames

   Spells                             Type                      Level
   a - Flame Tongue                   Conjuration/Fire             1
   b - Throw Flame                    Conjuration/Fire             2
   c - Conjure Flame                  Conjuration/Fire             3
   d - Inner Flame                    Hexes/Fire                   3
   e - Sticky Flame                   Conjuration/Fire             4
   f - Fireball                       Conjuration/Fire             5
Comestibles
 b - a bread ration
 g - 5 fruits
 h - a meat ration


   Skills:
 - Level 2.0 Dodging
 - Level 2.6 Stealth
 + Level 5.1 Unarmed Combat
 - Level 2.0 Spellcasting
 - Level 4.0 Necromancy


You had 3 spell levels left.
You knew the following spells:

 Your Spells              Type           Power        Failure   Level  Hunger
a - Pain                  Necr           ###.         3%          1    #......
b - Animate Skeleton      Necr           N/A          3%          1    #......
c - Regeneration          Chrm/Necr      #.........   24%         3    ###....


Dungeon Overview and Level Annotations

Branches:
Dungeon (6/15)
 Temple: D:4-7

Altars:
Kikubaaqudgha

Shops:
D:6 !


Innate Abilities, Weirdness & Mutations

You cannot wear most types of armour.
You are very stealthy in the water. (Stealth+)
You are amphibious.
You can wear up to eight rings at the same time.
You can use your tentacles to constrict eight enemies at once.
Your skin changes colour to match your surroundings (Stealth+).
Your rubbery body absorbs attacks. (AC +1, EV +1)
You are partially covered in iridescent scales. (AC +2)
You are partially covered in large bone plates. (SH +4)
Your flesh is cold resistant. (rC+)
Your body sometimes deteriorates upon taking damage.
You are robust. (+10% HP)


Message History

The wight is moderately damaged.
You constrict the wight, but do no damage. x2
The wight misses you.
You tentacle-slap the wight but do no damage.
The wight is moderately damaged.
You constrict the wight, but do no damage. x2
You block the wight's attack.
You catch the helpless wight completely off-guard!
You tentacle-slap the wight but do no damage.
The wight is moderately damaged.
You feel a little less agile now.
You constrict the wight.
You constrict the wight, but do no damage.
The wight misses you.
You tentacle-slap the wight.
The wight is moderately damaged.
You constrict the wight.
You constrict the wight, but do no damage.
The wight hits you with an enchanted battleaxe!
You die...

#..............#
#..............#
#.<............#
#..............#
#..............#
#..............#
##..##♣♣.♣♣....#
#### #'#♣.####
+z@..# #z#♣##
#♣♣z♣♣# #.....#
#....## #..).##
#.....# #
##...##
#..###...##


You could see 3 wights.

Vanquished Creatures
  2 wights (D:6)
  2 hounds (D:5)
  2 adders
  A worm (D:2)
  A leopard gecko (D:3)
  An orc (D:3)
  A giant cockroach (D:1)
  A goblin (D:2)
  2 hobgoblins (D:1)
  A quokka (D:4)
  2 bats
  2 kobolds (D:2)
  A rat (D:1)
19 creatures vanquished.

Vanquished Creatures (others)
  4 toadstools (D:1)
4 creatures vanquished.

Grand Total: 23 creatures vanquished

Notes
Turn   | Place    | Note
-------+----------+-------------------------------------------
     0 | D:1      | M4edhros the Octopode Necromancer began the quest for the Orb.
     0 | D:1      | Reached XP level 1. HP: 11/11 MP: 3/3
   145 | D:1      | Reached skill level 1 in Unarmed Combat
   355 | D:2      | Gained mutation: You are clumsy. (Dex -2) [potion of mutation]
   355 | D:2      | Gained mutation: You evolve. [potion of mutation]
   355 | D:2      | Gained mutation: You are surrounded by a mild repulsion field. (EV +2) [potion of mutation]
   369 | D:2      | Reached XP level 2. HP: 12/17 MP: 5/5
   370 | D:2      | Lost mutation: You are clumsy. (Dex -2) [potion of cure mutation]
   370 | D:2      | Lost mutation: You evolve. [potion of cure mutation]
   370 | D:2      | Lost mutation: You are surrounded by a mild repulsion field. (EV +2) [potion of cure mutation]
   462 | D:3      | Reached skill level 2 in Unarmed Combat
   477 | D:3      | Found an ancient bone altar of Kikubaaqudgha.
   532 | D:3      | Reached XP level 3. HP: 3/21 MP: 6/6
   611 | D:5      | Entered Level 5 of the Dungeon
   656 | D:5      | Learned a level 1 spell: Animate Skeleton
   660 | D:5      | Learned a level 3 spell: Regeneration
   685 | D:5      | Reached skill level 3 in Unarmed Combat
   685 | D:5      | Reached XP level 4. HP: 4/27 MP: 1/7
   791 | D:5      | Reached skill level 4 in Unarmed Combat
   810 | D:6      | Found Opeonugu's Distillery.
   813 | D:6      | Bought 2 potions of mutation for 55 gold pieces
   813 | D:6      | Gained mutation: You are partially covered in iridescent scales. (AC +2) [potion of mutation]
   813 | D:6      | Gained mutation: Your flesh is cold resistant. (rC+) [potion of mutation]
   814 | D:6      | Gained mutation: You are robust. (+10% HP) [potion of mutation]
   814 | D:6      | Gained mutation: Your body sometimes deteriorates upon taking damage. [potion of mutation]
   814 | D:6      | Gained mutation: You are partially covered in large bone plates. (SH +4) [potion of mutation]
   865 | D:6      | Reached XP level 5. HP: 18/34 MP: 8/8
   894 | D:6      | Reached skill level 5 in Unarmed Combat
   901 | D:6      | Slain by a wight

Skill      XL: |  1  2  3  4  5 |
---------------+----------------+-----
Unarmed Combat | 1 2 3 4 5 |  5.1
Dodging        | |  2.0
Stealth        | |  2.6
Spellcasting   | |  2.0
Necromancy     | |  4.0

Action                   |  1- 3 |  4- 6 || total
-------------------------+-------+-------++-------
Melee: Unarmed           |    49 |    24 ||    73
       Constrict         |    10 |     5 ||    15
       Tentacles         |     5 |     7 ||    12
       Punch             |     1 |     1 ||     2
 Cast: Pain              |     5 |       ||     5
       Regeneration      |     1 |     3 ||     4
  Use: Potion            |     6 |     4 ||    10
       Scroll            |     1 |       ||     1
 Stab: Sleeping          |     4 |       ||     4
       Invisible         |       |     3 ||     3
Armor: Skin              |     4 |     1 ||     5
Dodge: Dodged            |    32 |    18 ||    50
Block: Other             |       |     3 ||     3
